 Dungeon Crawl Stone Soup version 0.30-a0-451-ge042605de7 (webtiles) character file.

Game seed: 11552255112574100838

895 p00ps00p the Trooper (level 8, -1/71 HPs)
             Began as a Hill Orc Fighter on Dec 12, 2022.
             Was an Initiate of Gozag.
             Slain by an orc warrior
             ... wielding a +0 glaive
              (10 damage)
             ... on level 5 of the Dungeon.
             The game lasted 00:06:28 (4717 turns).

p00ps00p the Trooper (Hill Orc Fighter)             Turns: 4717, Time: 00:06:30

Health: -1/71      AC: 12    Str: 21    XL:     8   Next: 6%
Magic:  8/8        EV:  7    Int:  8    God:    Gozag
Gold:   204        SH:  7    Dex: 10    Spells: 7/7 levels left

rFire   . . .      SeeInvis .    a - +1 war axe
rCold   . . .      Faith    .    j - +2 buckler
rNeg    . . .      Spirit   .    f - +1 chain mail
rPois   .          Reflect  .    (no helmet)
rElec   .          Harm     .    t - +0 cloak
rCorr   .          Rampage  .    (no gloves)
Will    .....                    (no boots)
Stlth   ..........               (no amulet)
HPRegen 0.31/turn                (no ring)
MPRegen 0.11/turn                (no ring)

@: no status effects
A: no striking features
a: Renounce Religion, Convert to Beogh, Potion Petition, Call Merchant, Bribe
Branch


You were on level 5 of the Dungeon.
You worshipped Gozag.
Gozag was aware of your devotion.
You visited 2 branches of the dungeon, and saw 6 of its levels.

You collected 276 gold pieces.
You paid 72 gold pieces to Gozag.

Inventory:

Hand Weapons
 a - a +1 war axe (weapon)
Armour
 f - a +1 chain mail (worn)
 j - a +2 buckler (worn)
 t - a +0 cloak (worn)
Jewellery
 g - a ring of wizardry
 h - a ring of ice
 m - a ring of magical power
Scrolls
 c - a scroll of identify
 o - 2 scrolls of teleportation
 r - a scroll of fear {unknown}
Potions
 b - a potion of lignification {unknown}
 d - a potion of might
 e - 4 potions of flight
 i - 3 potions of curing {unknown}
 k - a potion of degeneration {unknown}
 l - a potion of attraction {unknown}
 n - 2 potions of haste {unknown}
 p - a potion of brilliance {unknown}
 q - 2 potions of cancellation {unknown}
 s - 2 potions of heal wounds {unknown}


   Skills:
 + Level 6.4 Fighting
 + Level 6.3 Axes
 + Level 5.8 Armour
 + Level 5.8 Shields


You had 7 spell levels left.
You didn't know any spells.
Your spell library contained the following spells:

 Spells                   Type           Power      Damage    Failure   Level
 Beastly Appendage        Tmut           0%         N/A       99%         1
 Magic Dart               Conj           0%         1d3       99%         1
 Call Imp                 Summ           0%         N/A       100%        2
 Wereblood                Tmut           0%         N/A       100%        2
 Mephitic Cloud           Conj/Pois/Air  0%         N/A       100%        3
 Spider Form              Tmut/Pois      0%         N/A       100%        3


Dungeon Overview and Level Annotations

Branches:
Dungeon (5/15)             Temple (1/1) D:4

Altars:
Ashenzari
Cheibriados
Elyvilon
Gozag
Hepliaklqana
Makhleb
Nemelex Xobeh
Okawaru
Qazlal
Trog
Wu Jian
Xom
Yredelemnul
Zin
The Shining One

Shops:
D:1 (:*[

Annotations:
Temple 4 transporters


Message History

The orc wizard gestures at you while chanting.
You resist with some effort.
The orc priest looks braver for a moment.
The orc warrior hits you with a +0 glaive.
You closely miss the orc wizard. You hit the orc warrior.
You closely miss the orc priest.
The orc priest shouts, "Join the one true god or die!"
The orc wizard hits you but does no damage.
The orc priest hits you but does no damage.
The orc warrior hits you but does no damage.
You hit the orc wizard.
The orc wizard is moderately wounded.
You hit the orc warrior but do no damage.
You closely miss the orc priest.
You feel less confused.
The orc wizard hits you but does no damage.
The orc priest shouts, "Join the one true god or die!"
You block the orc priest's attack.
The orc warrior hits you with a +0 glaive.
You closely miss the orc wizard.
The orc wizard is moderately wounded.
You hit the orc priest.
You hit the orc warrior but do no damage.
The orc wizard hits you but does no damage.
The orc priest hits you but does no damage.
The orc warrior hits you with a +0 glaive!
* * * LOW HITPOINT WARNING * * *
You barely miss the orc wizard.
The orc wizard is lightly wounded.
You hit the orc priest.
The orc priest threatens, "By the altar or by the axe, you will meet Beogh!"
You hit the orc warrior. You block the orc wizard's attack.
You block the orc priest's attack. The orc warrior misses you.
The orc priest hits you with a +1 hand axe of freezing.
* * * LOW HITPOINT WARNING * * *
The orc priest freezes you.
* * * LOW HITPOINT WARNING * * *
The orc warrior hits you with a +0 glaive!
You die...
Your body crumbles into a pile of gold.

# ##...## ##)##
##.## #.))### #.#
#.#...# #.# #...#.#
#+# #####.# #.# ###
#.# ##.###.#
..####@o.##.#######
...'.5oo............
...####...##.##.####
##..##.# # !......#
#.##.#### #. #.# #
#.. ###


You could see an orc warrior, an orc priest, an orc wizard and a shadow imp.

Vanquished Creatures
  Grinder (D:3)
  Sigmund (D:3)
  2 necrophages (D:4)
  A hound (D:5)
  An orc priest (D:5)
  Crazy Yiuf (D:3)
  6 orc wizards
  6 gnolls
  5 adders
  2 worms (D:2)
  A dart slug (D:2)
  11 orcs
  4 ball pythons
  2 bats (D:2)
  8 endoplasms
  A giant cockroach (D:3)
  4 goblins
  7 hobgoblins
  4 kobolds
  4 quokkas
  5 frilled lizards
  2 rats (D:1)
79 creatures vanquished.

Notes
Turn   | Place    | Note
-------+----------+-------------------------------------------
     0 | D:1      | p00ps00p the Hill Orc Fighter began the quest for the Orb.
     0 | D:1      | Reached XP level 1. HP: 19/19 MP: 1/1
    44 | D:1      | Found Wiquax's Weapon Boutique.
   175 | D:1      | Found Xumec's Book Boutique.
   189 | D:1      | Reached XP level 2. HP: 27/27 MP: 2/2
   392 | D:1      | Found Hafuik's General Store.
   417 | D:1      | Found Zulolaystru's Antique Armour Boutique.
   583 | D:1      | Found a faded altar of an unknown god.
   784 | D:2      | Reached XP level 3. HP: 11/33 MP: 3/3
  1468 | D:2      | Reached XP level 4. HP: 40/40 MP: 4/4
  1974 | D:2      | Reached XP level 5. HP: 44/47 MP: 5/5
  2412 | D:3      | Noticed Grinder
  2422 | D:3      | Paralysed by Grinder for 5 turns
  2435 | D:3      | Killed Grinder
  2436 | D:3      | Reached skill level 5 in Fighting
  2436 | D:3      | Reached skill level 5 in Axes
  2436 | D:3      | Reached XP level 6. HP: 16/56 MP: 6/6
  3068 | D:3      | Noticed Sigmund
  3085 | D:3      | Killed Sigmund
  3086 | D:3      | Reached skill level 5 in Armour
  3086 | D:3      | Reached skill level 5 in Shields
  3086 | D:3      | Reached XP level 7. HP: 30/62 MP: 7/7
  3665 | D:3      | Found a runed translucent door.
  3666 | D:3      | Noticed Crazy Yiuf
  3674 | D:3      | Killed Crazy Yiuf
  4191 | D:4      | Found a staircase to the Ecumenical Temple.
  4213 | Temple   | Entered the Ecumenical Temple
  4213 | Temple   | Found a transporter.
  4213 | Temple   | Found a transporter.
  4215 | Temple   | Found a transporter.
  4215 | Temple   | Found a transporter.
  4231 | Temple   | Became a worshipper of Gozag Ym Sagoz the Greedy
  4340 | D:5      | Entered Level 5 of the Dungeon
  4602 | D:5      | Reached XP level 8. HP: 67/71 MP: 8/8
  4717 | D:5      | Slain by an orc warrior

Illustrated notes

Levels and vault maps discovered:
D:1:      lemuel_arrival_broad_hall, layout_loops_ring,
          shapermc_ecumenical_altar_pompeii, serial_shops, nicolae_square_shop,
          nicolae_shop_bloodbath_and_beyond, shop, nicolae_diamond_shop
D:2:      layout_loops_corners
D:3:      layout_loops_ring, uniq_grinder, uniq_crazy_yiuf_cottage, uniq_sigmund
D:4:      layout_cave_pools, minmay_temple_entry_trees
D:5:      layout_loops_corners, minmay_small_thing
Temple:   hellmonk_temple_divided_pantheon

Skill      XL: |  1  2  3  4  5  6  7 |
---------------+----------------------+-----
Axes           | 3 4 5 6 |  6.3
Fighting       | 4 5 6 |  6.4
Armour         | 4 5 |  5.8
Shields        | 4 5 |  5.8

Action                   |  1- 3 |  4- 6 |  7- 9 || total
-------------------------+-------+-------+-------++-------
Melee: War axe           |    60 |   109 |    86 ||   255
  Use: Scroll            |     3 |     2 |       ||     5
       Potion            |     1 |     2 |       ||     3
Armor: Chain mail        |    28 |    65 |    41 ||   134
Dodge: Dodged            |    22 |    21 |    21 ||    64
Block: Buckler           |    17 |    27 |    27 ||    71

Table legend: (Time is in decaauts)
 A = Elapsed time spent in this place.
 B = Non-inter-level travel time spent in this place.
 C = Inter-level travel time spent in this place.
 D = Time resting spent in this place.
 E = Time spent auto-exploring this place.
 F = Levels seen in this place.
 G = Mean time per level.
                   A        B        C        D        E       F      G
               +--------+--------+--------+--------+--------+-----+--------+
         Total |   4794 |   4733 |     61 |   1448 |   2590 |   6 |  799.0 |
       Dungeon |   4757 |   4714 |     43 |   1448 |   2584 |   5 |  951.4 |
        Temple |     36 |     18 |     18 |      0 |      6 |   1 |   36.0 |
               +--------+--------+--------+--------+--------+-----+--------+

Top non-repeatable levels by time:
     D:3: 1782 daAuts
     D:2: 1416 daAuts
     D:1: 702 daAuts
     D:4: 474 daAuts
     D:5: 382 daAuts
  Temple: 36 daAuts
